cohdb
Replays
Latest Replays
All Replays
Popular Replays
Top Player Replays
Match Explorer
How It Works
Community
CoH3 Stats
Reddit
Sign in to upload your games and track your stats! →
Sign in with Steam
Match 37451227
Unlisted
Match 37451227
Overview
Messages
Build Orders
End
Royal Engineer Section
Construct Section Command Post
Infantry Section
Infantry Section
Infantry Section
Construct Platoon Command Post
Humber Armored Car
Construct Field Infirmary
6-pounder Anti-tank Gun Team
Grenade Package
Selects Indian Artillery Battlegroup
Selects War Cry
Selects Gurkha Rifles Section
REGULATOR
Harbour city
0
0
Comments
sign in to comment!
No comments posted yet!